 Dungeon Crawl Stone Soup version 0.21-a0-630-g344d351 (webtiles) character file.

264 Lanoc the Ducker (level 5, 0/45 HPs)
             Began as a Troll Wanderer on Dec 25, 2017.
             Slain by a gnoll sergeant
             ... wielding a +0 spear
              (8 damage)
             ... on level 3 of the Dungeon.
             The game lasted 00:07:52 (2688 turns).

Lanoc the Ducker (Troll Wanderer)                   Turns: 2688, Time: 00:07:53

Health: 0/45       AC:  7    Str: 18 (21) XL:     5   Next: 98%
Magic:  4/4        EV:  6    Int:  7 (8)  God:
Gold:   105        SH:  0    Dex:  8 (9)  Spells: 4/4 levels left

rFire    . . .     SeeInvis .   b - +0 mace
rCold    . . .     Gourm    +   (no shield)
rNeg     . . .     Faith    .   a - +2 robe
rPois    .         Spirit   .   (helmet restricted)
rElec    .         Reflect  .   (no cloak)
rCorr    .         Harm     .   (gloves unavailable)
MR       .....                  (boots unavailable)
Stlth    +.........             q - amulet of rage
HPRegen  0.55/turn              (no ring)
MPRegen  0.09/turn              (no ring)

@: held
A: large, unfitting armour, claws 3, fast metabolism 3, gourmand, regeneration
1, shaggy fur 1, tough skin 2
a: Evoke Berserk Rage


You were on level 3 of the Dungeon.
You were completely stuffed.

You visited 1 branch of the dungeon, and saw 3 of its levels.

You collected 105 gold pieces.

Inventory:

Hand Weapons
 b - a +0 mace (weapon)
Missiles
 t - 2 tomahawks (quivered)
Armour
 a - a +2 robe (worn)
Jewellery
 q - an amulet of rage (around neck)
Scrolls
 c - a scroll of teleportation
 f - 7 scrolls of magic mapping {unknown}
 k - 3 scrolls of identify {unknown}
 m - 3 scrolls of enchant armour {unknown}
 o - 2 scrolls of amnesia {unknown}
 r - a scroll of fear {unknown}
 s - a scroll of immolation {unknown}
Potions
 e - a potion of flight {unknown}
 g - a potion of agility {unknown}
 i - a potion of resistance {unknown}
 j - a potion of invisibility {unknown}
 l - a potion of ambrosia {unknown}
 p - 2 potions of might {unknown}
Comestibles
 d - 4 rations
 n - 2 chunks of flesh


   Skills:
   Level 1.5(2.4) Axes
 + Level 3.0(3.3) Maces & Flails
 + Level 2.4 Throwing
 + Level 5.9 Dodging
 - Level 1.0 Stealth
   Level 1.0 Shields


You had 4 spell levels left.
You didn't know any spells.

Dungeon Overview and Level Annotations

Branches:
Dungeon (3/15)

Altars:
Ru


Innate Abilities, Weirdness & Mutations

You are too large for most types of armour.
You have claws for hands.
Your metabolism is lightning-fast.
You like to eat raw meat.
Your natural rate of healing is unusually fast.
You are covered in fur. (AC +1)
You have very tough skin. (AC +2)


Message History

The gnoll hits you with a club. The gnoll barely misses you.
You shred the net and break free!
The gnoll sergeant hits you from afar with a spear!
* * * LOW HITPOINT WARNING * * *
The gnoll closely misses you. x2; The gnoll barely misses you. x2
The gnoll sergeant hits you from afar with a spear.
* * * LOW HITPOINT WARNING * * *
Okay, then.
The gnoll throws a throwing net.
The throwing net hits you.
You become entangled in the net!
There is an open door here.
You see here a throwing net.
You struggle against the net.
The gnoll sergeant hits you from afar with a spear.
* * * LOW HITPOINT WARNING * * *
It was a potion of degeneration.
There was something very wrong with that liquid.
You feel weakened.
You feel dopey.
You feel clumsy.
The gnoll sergeant hits you from afar with a spear!
You die... +.( #'### #####'' #.≈ ....... #.≈ .....gg #.≈ ....ggg #.≈ .gggg

#.≈ ##gg## #.≈ #.g..####### #.≈
+..gg@.....+ #.≈ #....####### ###
############''''#############...#
............................#.g.#
≈≈≈≈≈≈≈≈≈≈≈≈....≈≈≈≈≈≈≈≈≈≈≈≈#####
≈≈≈≈≈≈≈≈≈≈≈≈....≈≈≈≈≈≈≈≈≈≈≈≈≈≈≈≈≈
≈≈≈≈≈≈≈≈≈≈≈≈....≈≈≈≈≈≈≈≈≈≈≈≈≈≈≈≈≈
.................................
########...........(.>####.......


You could see a gnoll sergeant and 11 gnolls.

Vanquished Creatures
  A crimson imp (D:2)
  An orc wizard (D:3)
  A worker ant (D:3)
  A killer bee zombie (D:2)
  2 gnolls (D:3)
  2 adders (D:2)
  A worm (D:3)
  A dart slug (D:2)
  4 leopard geckos
  An orc (D:3)
  A ball python (D:3)
  7 bats
  6 giant cockroaches
  11 goblins
  12 hobgoblins
  24 jackals
  6 kobolds
  A quokka (D:3)
  5 frilled lizards
  12 rats
100 creatures vanquished.

Notes
Turn   | Place    | Note
-------+----------+-------------------------------------------
     0 | D:1      | Lanoc the Troll Wanderer began the quest for the Orb.
     0 | D:1      | Lanoc set off with: a +2 robe, a +0 mace, a scroll of teleportation, 2 rations
     0 | D:1      | Reached XP level 1. HP: 16/16 MP: 0/0
     2 | D:1      | Noticed a halfling
     4 | D:1      | Noticed a demonspawn
     4 | D:1      | Noticed a centaur
     6 | D:1      | Noticed a spriggan
     6 | D:1      | Noticed a tengu
     8 | D:1      | Noticed an octopode
     8 | D:1      | Noticed a minotaur
    10 | D:1      | Noticed a formicid
    10 | D:1      | Noticed a felid
    12 | D:1      | Noticed a merfolk
    12 | D:1      | Noticed a troll
    14 | D:1      | Noticed a gargoyle
    14 | D:1      | Noticed a human
    16 | D:1      | Noticed an ogre
    16 | D:1      | Noticed a ghoul
    18 | D:1      | Noticed a dwarf
    20 | D:1      | Noticed a vine stalker
    20 | D:1      | Noticed a naga
    22 | D:1      | Noticed a demigod
    24 | D:1      | Noticed a vampire
    24 | D:1      | Noticed an elf
    26 | D:1      | Noticed a draconian
    32 | D:1      | Reached skill level 5 in Dodging
    64 | D:1      | Reached skill level 1 in Maces & Flails
    64 | D:1      | Reached XP level 2. HP: 20/24 MP: 1/1
   761 | D:1      | Reached XP level 3. HP: 31/31 MP: 2/2
  1078 | D:2      | Reached skill level 1 in Throwing
  1078 | D:2      | Reached XP level 4. HP: 39/39 MP: 3/3
  1861 | D:3      | Reached XP level 5. HP: 45/45 MP: 4/4
  2091 | D:3      | Found a sacrificial altar of Ru.
  2688 | D:3      | Slain by a gnoll sergeant

Vault maps used:
D:1:      kb_arrival_jail
D:3:      lemuel_castle_with_subvaults, nicolae_ru_great_annihilating_truth

Skill      XL: |  1  2  3  4  5 |
---------------+----------------+-----
Dodging        | 5 |  5.9
Maces & Flails | 1 2 3 |  3.0
Throwing       | 1 2 |  2.4
Axes           | |  1.5
Stealth        | |  1.0
Shields        | |  1.0

Action                   |  1- 3 |  4- 6 || total
-------------------------+-------+-------++-------
Melee: Mace              |   114 |   308 ||   422
  Use: Potion            |       |     1 ||     1
 Stab: Paralysed         |       |     3 ||     3
  Eat: Chunk             |    15 |    17 ||    32
Armor: Robe              |    68 |   224 ||   292
Dodge: Dodged            |    98 |   382 ||   480

Table legend:
 A = Spawn XP
 B = Non-spawn XP
 C = Spawn XP percentage of total XP
 D = Spawn monster count
 E = Non-spawn monster count
 F = Spawn count percentage of total count
 G = Total turns spent on level
                    A         B        C        D         E        F      G
               +---------+---------+-------+---------+---------+-------+---------
         Total |       0 |     378 |   0.0 |       0 |     100 |   0.0 |  2688
               +---------+---------+-------+---------+---------+-------+---------
           D:1 |       0 |      49 |   0.0 |       0 |      28 |   0.0 |  1020
           D:2 |       0 |     146 |   0.0 |       0 |      29 |   0.0 |   839
           D:3 |       0 |     183 |   0.0 |       0 |      43 |   0.0 |   829
               +---------+---------+-------+---------+---------+-------+---------
